 Dungeon Crawl Stone Soup version 0.25-a0-2-g6559c6c67a (webtiles) character file.

Game seed: 1974691437686791641, levelgen mode: deterministic

5341 Gargoyl the Chopper (level 10, -2/84 HPs)
             Began as a Centaur Abyssal Knight on Oct 14, 2019.
             Was an Elder of Lugonu.
             Slain by an orc warrior
             ... wielding a +0 halberd
              (6 damage)
             ... on level 1 of the Orcish Mines.
             The game lasted 00:13:35 (12586 turns).

Gargoyl the Chopper (Centaur Abyssal Knight)       Turns: 12586, Time: 00:13:36

Health: -2/84      AC: 17    Str: 17    XL:     10   Next: 38%
Magic:  6/14       EV:  5    Int: 11    God:    Lugonu [****..]
Gold:   401        SH:  0    Dex: 10    Spells: 9/9 levels left

rFire    . . .     SeeInvis .   a - +4 hand axe
rCold    . . .     Gourm    .   (no shield)
rNeg     . . .     Faith    .   r - +0 plate armour
rPois    .         Spirit   .   n - +2 helmet
rElec    .         Reflect  .   b - +2 cloak
rCorr    .         Harm     .   (no gloves)
MR       .....                  (no barding)
Stlth    ..........             (no amulet)
HPRegen  0.24/turn              d - ring of flight
MPRegen  0.14/turn              m - +1 ring of evasion

@: starving, very quick
A: large, hooves 3, deformed body, speed 2, tough skin 3
a: Depart the Abyss, Bend Space, Banish, Corrupt, Renounce Religion, Evoke
Flight


You were on level 1 of the Orcish Mines.
You worshipped Lugonu.
Lugonu was greatly pleased with you.
You were starving.

You visited 2 branches of the dungeon, and saw 11 of its levels.
You visited the Abyss 1 time.

You collected 401 gold pieces.

Inventory:

Hand Weapons
 a - a +4 hand axe (weapon)
Armour
 b - a +2 cloak (worn)
 n - a +2 helmet (worn)
 r - a +0 plate armour (worn)
Jewellery
 d - a ring of flight (left hand)
 m - a +1 ring of evasion (right hand)
Wands
 e - a wand of enslavement (6)
 v - a wand of acid (8)
 x - a wand of paralysis (10)
 y - a wand of flame (13)
 z - a wand of polymorph (9)
 B - a wand of iceblast (10)
Scrolls
 g - 2 scrolls of identify
 i - 5 scrolls of remove curse
 p - 3 scrolls of teleportation
 t - 3 scrolls of blinking
 u - a scroll of fear
Potions
 f - a potion of magic
 h - a potion of lignification
 j - 3 potions of heal wounds {unknown}
 k - 2 potions of brilliance
 l - a potion of berserk rage {unknown}
 o - a potion of agility
 q - a potion of haste
 s - 8 potions of curing {unknown}
 w - a potion of cancellation
 C - a potion of mutation {unknown}
Comestibles
 c - 14 rations


   Skills:
 + Level 6.6 Fighting
 + Level 7.6 Axes
 * Level 6.7 Armour
 * Level 4.2 Dodging
 * Level 6.5 Invocations


You had 9 spell levels left.
You didn't know any spells.
Your spell library contained the following spells:

 Spells                   Type           Power        Failure   Level  Hunger
 Corona                   Hex            #......      100%        1    ##.....
 Ensorcelled Hibernation  Hex/Ice        #.....       100%        2    ###....
 Confuse                  Hex            #.......     100%        3    ####...
 Dazzling Spray           Conj/Hex       #.....       100%        3    ####...
 Tukima's Dance           Hex            #.......     100%        3    ####...


Dungeon Overview and Level Annotations

Branches:
Dungeon (10/15)            Temple (0/1) D:7             Orc (1/2) D:10
   Lair: D:8-11

Altars:
Ashenzari
Fedhas
Gozag
Nemelex Xobeh
Vehumet
Yredelemnul


Innate Abilities, Weirdness & Mutations

You have hooves in place of feet.
Armour fits poorly on your strangely shaped body.
You cover ground very quickly.
You have extremely tough skin. (AC +3)


Message History

* * * LOW HITPOINT WARNING * * *
The hungry ghost hits you.
You feel somewhat more hungry.
Press: ? - help, Shift-Dir - straight line, f - orc warrior
Aim: an orc warrior, wielding a +0 halberd and wearing a cursed +0 plate armour (translocational energy, chance to defeat MR: 84%)
You fail to use your ability.
The orc wizard hits you but does no damage.
The orc warrior hits you with a +0 halberd!
* * * LOW HITPOINT WARNING * * *
The hungry ghost hits you.
You are starving!
It was a potion of agility.
You feel agile all of a sudden. The orc wizard barely misses you.
The hungry ghost hits you.
You feel somewhat more hungry.
It was a potion of cancellation.
Your magical effects are unravelling.
You feel magically purged.
You feel a little less agile now.
The orc warrior hits you with a +0 halberd.
You die...

## ###
##.##.### ..
#....o..#....
#..@o§.o....
#..W§#.....
##..## .#.
####


You could see a hungry ghost, an orc warrior, an orc priest and an orc wizard.

Vanquished Creatures
  A troll (D:10)
  A hippogriff (D:9)
  A large abomination (Abyss:2)
  Grum (D:10)
  A water moccasin (D:6)
  2 orc warriors
  A hornet zombie (D:8)
  An ice beast (D:8)
  A sky beast (D:7)
  2 black bears
  A phantom (D:5)
  8 ogres
  3 wolves (D:10)
  2 centaurs
  8 bullfrogs
  A wyvern zombie (D:7)
  4 scorpions
  A water moccasin skeleton (D:9)
  5 wights
  5 howler monkeys
  A vampire bat (D:7)
  A crimson imp (D:5)
  2 quasits
  3 hounds
  2 centaur zombies
  A gnoll shaman (D:7)
  5 orc priests
  Crazy Yiuf (D:3)
  A jelly (D:9)
  4 orc wizards
  Jessica (D:2)
  6 worker ants
  A killer bee zombie (D:8)
  2 ogre zombies (D:10)
  A hound skeleton (D:6)
  A worker ant zombie (D:10)
  Robin (D:3)
  6 adders
  10 gnolls
  A shadow imp (D:5)
  An ooze (D:5)
  2 adder skeletons
  2 worms (D:2)
  4 dart slugs
  7 leopard geckos
  27 orcs
  3 ball pythons
  7 giant cockroaches
  12 goblins
  10 hobgoblins
  11 jackals
  10 kobolds
  A quokka (D:8)
  14 bats
  9 frilled lizards
  A hobgoblin zombie (D:10)
  A jackal zombie (D:5)
  2 orc skeletons (D:10)
  2 orc zombies (D:10)
  A quokka zombie (D:7)
  5 rats
233 creatures vanquished.

Vanquished Creatures (others)
  A steam dragon (D:6)
  2 orc priests (Orc:1)
  A jackal (D:7)
4 creatures vanquished.

Grand Total: 237 creatures vanquished

Notes
Turn   | Place    | Note
-------+----------+-------------------------------------------
     0 | Abyss:1  | Gargoyl the Centaur Abyssal Knight began the quest for the
                  | Orb.
     0 | Abyss:1  | Reached XP level 1. HP: 19/19 MP: 2/2
    37 | Abyss:2  | Noticed a large abomination
    45 | Abyss:2  | Noticed a glowing orange brain
    50 | Abyss:2  | Noticed a bone dragon
    50 | Abyss:2  | Noticed a thrashing horror
    50 | Abyss:2  | Noticed a thrashing horror
    50 | Abyss:2  | Noticed a wretched star
    51 | Abyss:2  | Killed a large abomination
    51 | Abyss:2  | Reached skill level 2 in Axes
    51 | Abyss:2  | Reached XP level 2. HP: 20/28 MP: 3/3
    51 | Abyss:2  | Reached XP level 3. HP: 24/34 MP: 4/4
    51 | Abyss:2  | Reached XP level 4. HP: 29/41 MP: 5/5
    51 | Abyss:2  | Reached XP level 5. HP: 33/47 MP: 6/6
    53 | D:1      | Escaped the Abyss
    98 | D:1      | Reached * piety under Lugonu
   441 | D:1      | Reached skill level 3 in Axes
   623 | D:1      | Reached skill level 1 in Dodging
   802 | D:2      | Reached ** piety under Lugonu
  1067 | D:2      | Noticed Jessica
  1073 | D:2      | Killed Jessica
  1609 | D:3      | Noticed Robin
  1690 | D:2      | Reached XP level 6. HP: 46/55 MP: 8/8
  1749 | D:3      | Killed Robin
  1965 | D:3      | Reached *** piety under Lugonu
  2200 | D:3      | Found a runed translucent door.
  2201 | D:3      | Noticed Crazy Yiuf
  2286 | D:3      | Found a basalt altar of Yredelemnul.
  2294 | D:3      | Found a radiant altar of Vehumet.
  2294 | D:3      | You fall into a shaft and drop 3 floors!
  2479 | D:6      | Reached skill level 5 in Fighting
  2508 | D:5      | Entered Level 5 of the Dungeon
  2522 | D:5      | Reached skill level 4 in Axes
  2522 | D:5      | Reached XP level 7. HP: 20/61 MP: 9/9
  3430 | D:3      | Found a blossoming altar of Fedhas.
  3548 | D:3      | Found a shattered altar of Ashenzari.
  3551 | D:3      | Found an opulent altar of Gozag.
  3924 | D:3      | Killed Crazy Yiuf
  5062 | D:5      | Reached XP level 8. HP: 38/68 MP: 11/11
  5492 | D:5      | Reached skill level 5 in Axes
  5902 | D:6      | Reached **** piety under Lugonu
  6862 | D:6      | Reached skill level 5 in Invocations
  7271 | D:7      | Reached skill level 6 in Axes
  7271 | D:7      | Reached XP level 9. HP: 12/75 MP: 12/12
  7836 | D:7      | Reached skill level 5 in Armour
  8047 | D:7      | Found a staircase to the Ecumenical Temple.
  8155 | D:7      | Found a sparkling altar of Nemelex Xobeh.
 10637 | D:8      | Reached skill level 7 in Axes
 11240 | D:9      | Reached XP level 10. HP: 73/83 MP: 14/14
 11773 | D:10     | Entered Level 10 of the Dungeon
 11775 | D:10     | Noticed Grum
 11791 | D:10     | Killed Grum
 12452 | D:10     | Reached ***** piety under Lugonu
 12573 | D:10     | Found a staircase to the Orcish Mines.
 12579 | Orc:1    | Entered Level 1 of the Orcish Mines
 12584 | Orc:1    | HP: 4/84 [orc warrior/+0 halberd (15)]
 12586 | Orc:1    | Slain by an orc warrior

Levels and vault maps discovered:
D:1:      lightli_molten_gateway, layout_basic, minivault_4
D:2:      layout_basic, serial_glass, glass_columns_a, glass_columns_a,
          hangedman_abyss_or_decor_lesser_grid, st_stairs_1, uniq_jessica
D:3:      layout_loops_ring, fedhas_altar_3, grunt_temple_overflow_cloverleaf,
          first_ration, uniq_crazy_yiuf_cottage, uniq_robin
D:4:      layout_basic
D:5:      layout_basic
D:6:      layout_loops_ring, minivault_26
D:7:      layout_rooms, nemelex_altar_shiori, minmay_temple_entry_fiery,
          roderic_batcave, grunt_ogre_cave
D:8:      layout_basic
D:9:      layout_roguey
D:10:     layout_loops_ring, zombieorc1_lemuel, uniq_erolcha, uniq_fannar,
          uniq_grum
Orc:1:    layout_caves, enter_bailey_2, uniq_harold

Skill      XL: |  1  2  3  4  5  6  7  8  9 10 |
---------------+-------------------------------+-----
Fighting       | 4 5 6 |  6.6
Axes           | 2 3 4 6 7 |  7.6
Armour         | 2 3 4 6 |  6.7
Dodging        | 1 2 3 4 |  4.2
Invocations    | 3 4 5 6 |  6.5

Action                   |  1- 3 |  4- 6 |  7- 9 | 10-12 || total
-------------------------+-------+-------+-------+-------++-------
Melee: Hand axe          |     8 |   210 |   524 |   130 ||   872
       Kick              |     3 |    38 |   121 |    47 ||   209
Invok: Depart the Abyss  |       |     1 |       |       ||     1
       Banish            |       |       |     1 |     2 ||     3
  Use: Potion            |     1 |       |     2 |     2 ||     5
       Scroll            |       |     7 |     8 |     2 ||    17
  Eat: Chunk             |       |     3 |    14 |     4 ||    21
       Ration            |       |       |     3 |     1 ||     4
Armor: Leather armour    |     1 |    94 |     8 |       ||   103
       Chain mail        |       |       |    64 |       ||    64
       Plate armour      |       |       |   322 |   148 ||   470
       Skin              |       |       |    24 |       ||    24
Dodge: Dodged            |     5 |   124 |   167 |    46 ||   342

Table legend:
 A = Non-vault XP
 B = Vault XP
 C = Vault XP percentage of total XP
 D = Non-vault monster count
 E = Vault monster count
 F = Vault count percentage of total count
                 A         B        C        D         E       F
            +---------+---------+-------+---------+---------+-------
      Total |    6719 |     912 |  12.0 |     200 |      36 |  15.3
            +---------+---------+-------+---------+---------+-------
        D:1 |      65 |       0 |   0.0 |      35 |       0 |   0.0
        D:2 |      70 |      53 |  43.1 |      21 |      10 |  32.3
        D:3 |     122 |      62 |  33.7 |      17 |       5 |  22.7
        D:4 |     407 |       0 |   0.0 |      19 |       0 |   0.0
        D:5 |     456 |       0 |   0.0 |      12 |       0 |   0.0
        D:6 |    1233 |       0 |   0.0 |      19 |       0 |   0.0
        D:7 |    1102 |     182 |  14.2 |      24 |       9 |  27.3
        D:8 |    1087 |       0 |   0.0 |      28 |       0 |   0.0
        D:9 |     756 |       0 |   0.0 |      11 |       0 |   0.0
       D:10 |    1183 |     615 |  34.2 |      11 |      12 |  52.2
      Orc:1 |      42 |       0 |   0.0 |       2 |       0 |   0.0
    Abyss:2 |     196 |       0 |   0.0 |       1 |       0 |   0.0
            +---------+---------+-------+---------+---------+-------
